 Dungeon Crawl Stone Soup version bcrawl-1.21.3 (webtiles) character file.

Game seed: 2792117729181390870

52178 funkygono the Eclecticist (level 14, -13/81 HPs)
             Began as a Fairy Conjurer on Apr 1, 2020.
             Was an Elder of Vehumet.
             Mangled by an earth elemental (17 damage)
             ... summoned by Jorgrun
             ... while petrified by Jorgrun
             ... in the Orcish Mines.
             The game lasted 01:13:04 (22193 turns).

funkygono the Eclecticist (Fairy Conjurer)         Turns: 22193, Time: 01:13:04

Health: -13/81     AC: 17    Str: 10    XL:     14   Next: 62%
Magic:  4/44       EV:  0    Int: 22    God:    Vehumet [****..]
Gold:   1704       SH:  0    Dex: 20    Spells: 13/44 levels left

rFire    . . .     SeeInvis .   d - +9 dagger
rCold    + . .     Gourm    .   G - +0 buckler of Ycyb {+Fly rElec}
rNeg     + + +     Faith    .   (armour unavailable)
rPois    ∞         Spirit   .   v - +1 helmet
rElec    +         Reflect  .   f - +2 cloak
rCorr    .         Harm     .   B - +2 pair of gloves
MR       +....                  s - +1 pair of boots
Stlth    +.........             I - amulet of the acrobat
HPRegen  0.23/turn              H - ring "Hilevo" {*Slow rC+ MP+9 Str+4}
MPRegen  0.29/turn              C - +5 ring of dexterity

@: petrified, grasped by roots, flying evasively, constricted
A: small, magic attunement, unstealthy, unfitting armour, able to fly, AC/SH +7
a: Stop Flying, Renounce Religion


You were in the Orcish Mines.
You worshipped Vehumet.
Vehumet was greatly pleased with you.
You were not hungry.

You visited 4 branches of the dungeon, and saw 19 of its levels.
You also visited: Sewer.

You collected 1704 gold pieces.

Inventory:

Hand Weapons
 d - a +9 dagger (weapon)
Missiles
 h - 3297 stones (quivered)
Armour
 f - a +2 cloak (worn)
 r - a +0 buckler
 s - a +1 pair of boots (worn)
 v - a +1 helmet (worn)
 A - a scarf of repulsion
 B - a +2 pair of gloves (worn)
 G - the +0 buckler of Ycyb (worn) {+Fly rElec}
   (You found it on level 5 of the Dungeon)

   It insulates you from electricity.
   It lets you fly.
 R - a +1 hat
Jewellery
 C - a +5 ring of dexterity (right hand)
 D - an uncursed ring of fire
 H - the ring "Hilevo" (left hand) {*Slow rC+ MP+9 Str+4}
   (You found it on level 7 of the Dungeon)

   [ring of protection from cold]

   It affects your strength (+4).
   It protects you from cold.
   It affects your magic capacity (+9).
   It may slow you when you take damage.
 I - an amulet of the acrobat (around neck)
Wands
 y - a wand of flame (17)
 L - a wand of random effects (6)
 M - a wand of paralysis (13)
 Q - a wand of disintegration (34)
 S - a wand of iceblast (24)
Scrolls
 a - 4 scrolls of remove curse
 g - a scroll of blinking
 n - 2 scrolls of immolation
 q - 5 scrolls of fog
 w - 5 scrolls of identify
 E - 5 scrolls of teleportation
 F - a scroll of amnesia
 J - 4 scrolls of magic mapping
 P - 2 scrolls of fear
Potions
 b - 2 potions of magic
 c - 9 potions of flight
 i - 5 potions of heal wounds
 j - 4 potions of cancellation
 k - 2 potions of might
 l - 2 potions of agility
 m - 3 potions of resistance
 o - 3 potions of ambrosia
 p - a potion of brilliance
 u - 5 potions of lignification
 x - 3 potions of mutation
 z - 6 potions of curing
 K - 4 potions of haste
 N - a potion of berserk rage
 O - a potion of invisibility
Comestibles
 e - 36 rations {!d}


   Skills:
 + Level 2.0 Fighting
 + Level 4.0 Short Blades
 + Level 11.1 Dodging
 - Level 2.0 Stealth
 + Level 11.0 Shields
 + Level 15.8 Spellcasting
 + Level 15.2 Conjurations
 * Level 5.1 Fire Magic
 + Level 7.0 Ice Magic
 + Level 4.2 Air Magic
 + Level 5.8 Earth Magic
 + Level 4.9 Poison Magic


You had 13 spell levels left.
You knew the following spells:

 Your Spells              Type           Power        Failure   Level  Hunger
a - Magic Dart            Conj           ####         0%          1    None
b - Searing Ray           Conj           ######..     0%          2    None
c - Iskenderun's Mystic   Conj           ######..     0%          3    None
d - Throw Frost           Conj/Ice       ######       1%          2    None
e - Throw Icicle          Conj/Ice       ######..     1%          4    None
f - Sandblast             Erth           #####.       1%          1    None
g - Shock                 Conj/Air       #####        1%          1    None
h - Mephitic Cloud        Conj/Pois/Air  ######..     1%          3    None
i - Sticky Flame          Conj/Fire      ######..     1%          4    None
j - Venom Bolt            Conj/Pois      ######....   1%          5    None
k - Bolt of Magma         Conj/Fire/Erth ######....   1%          5    None

Your spell library contained the following spells:

 Spells                   Type           Power        Failure   Level  Hunger
 Freeze                   Ice            #####.       1%          1    None
 Fulminant Prism          Conj/Hex       ######....   1%          4    None
 Irradiate                Conj/Tmut      ######....   1%          5    None
 Ozocubu's Armour         Chrm/Ice       ####....     2%          3    None
 Summon Ice Beast         Ice/Summ       ####....     8%          4    None
 Tree Form                Hex/Tmut       N/A          32%         4    None
 Statue Form              Tmut/Erth      ####.....    83%         6    None
 Dragon Form              Tmut           ###....      100%        7    None
 Necromutation            Tmut/Necr      ###.....     100%        8    None


Dungeon Overview and Level Annotations

Branches:
Dungeon (11/12)            Temple (1/1) D:4            Lair (6/6) D:7
 Shoals (0/3) Lair:2        Snake (0/3) Lair:4        Slime (0/5) Lair:6
    Orc (1/1) D:11
    Elf: Orc:1       Vaults: D:11-12

Altars:
Ashenzari
Cheibriados
Dithmenos
Elyvilon
Fedhas
Gozag
Hepliaklqana
Kikubaaqudgha
Lugonu
Makhleb
Nemelex Xobeh
Okawaru
Qazlal
Ru
Sif Muna
Trog
Uskayaw
Vehumet
Wu Jian
Xom
Yredelemnul
Zin
The Shining One
Jiyva

Shops:
D:6 %   D:7 %*}!*   D:9 [

Annotations:
D:11 exclusion: hydra
Lair:2 exclusion: 2 oklob plants
Lair:5 3 runed translucent doors, Qoypruj's ghost, journeyman MiGl; Rien's ghost, journeyman HuFi; ioannis32's ghost, journeyman HuFi
Lair:6 3 runed translucent doors, Lazarus1551's ghost, journeyman DrWn Orc Jorgrun


Innate Abilities, Weirdness & Mutations

Your spells do not cause hunger and MP costs are reduced by 1.
Your bright wings attract enemies. (Stealth-)
You cannot fit into any form of body armour.
Your shimmering scales are hard and can block incoming attacks. (AC +7, SH +7)
You are small and have problems with some larger weapons.
You can fly continuously.


Message History

The earth elemental hits you! Jorgrun misses you.
You have turned to stone.
The earth elemental hits you! x3
Jorgrun casts a spell at the earth elemental.
Some walls begin to move on their own!
You hear a shout!
The earth elemental hits you!
Jorgrun points at you and mumbles some strange words.
Roots burst forth from the earth!
The grasping roots grab you! The grasping roots constrict you!
The earth elemental hits you!!
* * * LOW HITPOINT WARNING * * *
The earth elemental hits you!!
* * * LOW HITPOINT WARNING * * *
Jorgrun hits you with a +0 quarterstaff of crushing!
* * * LOW HITPOINT WARNING * * *
x3 The grasping roots constrict you.
The earth elemental hits you but does no damage.
The earth elemental hits you!!
You die...

... ... ....
###.. ....#
#....
#....##...##
#.$.....#.#
#.[....#
##....E.##
#...E@g.(#
#....EEE.......
..............$.
.....###.......#
..... #........
.... .........
### ...#.....
..##.....


You could see Jorgrun and 5 earth elementals.

Vanquished Creatures
  Nessos (Orc)
  6 dire elephants (Lair:6)
  Snorg (D:10)
  3 hydras
  An anaconda (Lair:6)
  3 two-headed ogres
  A dancing weapon (D:8)
  The ghost of Artagas the Zephyrmancer, a novice AvAE of Ashenzari (D:7)
  The ghost of MisterOstroum the Conjurer, a novice DsFE of Makhleb (D:8)
  An unseen horror (shapeshifter) (D:11)
  A cyclops (Orc)
  2 ugly things (D:11)
  A manticore (Lair:5)
  9 slime creatures
  5 black mambas
  8 elephants
  5 torpor snails
  3 centaur skeletons
  14 cane toads
  2 rime drakes
  5 komodo dragons
  8 trolls
  6 polar bears
  8 blink frogs
  8 hippogriffs
  6 dream sheep (Lair:5)
  A meliai zombie (D:9)
  3 wyverns
  Eustachio (D:6)
  A vampire mosquito (D:8)
  31 yaks
  2 basilisks
  2 steam dragons
  2 wargs (D:11)
  9 crocodiles
  2 insubstantial wisps (D:11)
  An acid dragon (Lair:5)
  2 nagas (Lair:4)
  6 water moccasins
  10 porcupines
  Purgy (Sewer)
  2 orc warriors
  4 sky beasts
  2 ice beasts
  2 eyes of draining
  A phantom (D:5)
  A hornet zombie (D:10)
  6 black bears
  5 ogres
  A necrophage (D:5)
  5 wolves (Lair:6)
  10 centaurs
  Blork the orc (D:6)
  10 bullfrogs
  2 big kobolds
  A scorpion (D:7)
  8 killer bees
  A vampire bat (D:4)
  2 centaur zombies
  6 crimson imps
  3 bullfrog zombies
  4 quasits
  6 hounds
  6 jellies
  4 orc wizards
  5 orc priests
  3 bullfrog skeletons
  9 worker ants
  Ijyb (D:3)
  Natasha (thrice) (D:4)
  3 iguanas
  A killer bee zombie (D:7)
  2 hound skeletons
  Robin (D:3)
  2 worker ant zombies
  A gnoll (D:6)
  7 adders
  2 shadow imps (D:8)
  8 oozes
  An adder zombie (D:7)
  2 adder skeletons
  4 worms
  11 dart slugs
  3 fire bats (D:4)
  7 leopard geckos
  38 orcs
  2 spectral bats (D:4)
  16 bats
  3 bat skeletons (D:4)
  A bat zombie (D:4)
  4 giant cockroaches
  15 goblins
  8 hobgoblins
  11 jackals
  4 quokkas
  2 ball pythons (Sewer)
  A bat simulacrum (D:4)
  6 frilled lizards
  14 kobolds
  8 rats
  A spectral orc (D:5)
  2 fungi (Lair:6)
  3 plants (Lair:6)
492 creatures vanquished.

Vanquished Creatures (others)
  A centaur skeleton (D:8)
  A scorpion (D:8)
  2 adders (D:8)
  14 fungi
  16 plants
  2 withered plants (Lair:5)
36 creatures vanquished.

Grand Total: 528 creatures vanquished

Notes
Turn   | Place    | Note
-------+----------+-------------------------------------------
     0 | D:1      | funkygono the Fairy Conjurer began the quest for the Orb.
     0 | D:1      | Reached XP level 1. HP: 11/11 MP: 6/6
    41 | D:1      | Reached skill level 5 in Conjurations
   123 | D:1      | Reached XP level 2. HP: 13/17 MP: 7/7
   312 | D:1      | Reached XP level 3. HP: 21/21 MP: 9/9
   316 | D:1      | Learned a level 2 spell: Searing Ray
   320 | D:1      | Learned a level 3 spell: Iskenderun's Mystic Blast
   851 | D:2      | Reached XP level 4. HP: 27/27 MP: 7/10
  1626 | D:3      | Noticed Robin
  1637 | D:3      | Reached XP level 5. HP: 31/31 MP: 0/12
  1650 | D:3      | Killed Robin
  1925 | D:3      | Noticed Ijyb
  1930 | D:3      | Killed Ijyb
  2000 | D:4      | Found a staircase to the Ecumenical Temple.
  2012 | Temple   | Entered the Ecumenical Temple
  2279 | D:4      | Reached XP level 6. HP: 36/36 MP: 13/15
  2321 | D:4      | Found a sacrificial altar of Ru.
  2466 | D:4      | Noticed Natasha
  2472 | D:4      | Killed Natasha
  2472 | D:4      | Reached skill level 5 in Spellcasting
  2619 | D:4      | Found a shadowy altar of Dithmenos.
  2955 | D:4      | Reached skill level 1 in Shields
  3063 | D:4      | Noticed Natasha
  3068 | D:4      | Killed Natasha
  3068 | D:4      | Reached XP level 7. HP: 41/41 MP: 15/17
  3088 | D:4      | Noticed Natasha
  3091 | D:4      | Killed Natasha
  3218 | D:4      | Found a glowing golden altar of the Shining One.
  3273 | D:5      | Entered Level 5 of the Dungeon
  3455 | D:5      | Reached XP level 8. HP: 38/46 MP: 14/20
  4178 | D:5      | Found a basalt altar of Yredelemnul.
  4718 | D:5      | Got a distressingly furry buckler
  4730 | D:5      | Identified the cursed +0 buckler of Ycyb {+Fly rElec} (You
                  | found it on level 5 of the Dungeon)
  4964 | D:6      | Found a glowing drain.
  4968 | Sewer    | Entered a sewer
  4980 | Sewer    | Noticed Purgy
  4987 | Sewer    | Killed Purgy
  4987 | Sewer    | Reached skill level 10 in Conjurations
  4987 | Sewer    | Reached XP level 9. HP: 52/52 MP: 19/23
  5333 | D:6      | Found an opulent altar of Gozag.
  5505 | D:6      | Noticed Eustachio
  5516 | D:6      | Killed Eustachio
  5660 | D:6      | Found a stormy altar of Qazlal.
  5783 | D:6      | Noticed Blork the orc
  5797 | D:6      | Killed Blork the orc
  5872 | D:6      | Found Itiadu Feta's Food Emporium.
  5992 | D:7      | Learned a level 2 spell: Throw Frost
  5997 | D:7      | Learned a level 4 spell: Throw Icicle
  6023 | D:7      | Found Qeitiliy's Distillery.
  6034 | D:7      | Found a staircase to the Lair.
  6084 | D:7      | Reached skill level 10 in Spellcasting
  6090 | D:7      | Reached skill level 5 in Dodging
  6090 | D:7      | Reached skill level 1 in Ice Magic
  6224 | D:7      | Found Gearyrus's General Store.
  6596 | D:7      | Reached skill level 1 in Fighting
  6612 | D:7      | Found Roapung's Food Shoppe.
  6633 | D:7      | Got a bound turquoise ring
  6635 | D:7      | Identified the ring "Hilevo" {*Slow rC+ MP+9 Str+4} (You
                  | found it on level 7 of the Dungeon)
  6670 | D:7      | Found Xaec's Assorted Antiques.
  6717 | D:7      | Reached XP level 10. HP: 58/58 MP: 26/26
  6894 | D:7      | Found a transporter.
  6894 | D:7      | Noticed Artagas's ghost (novice AvAE)
  6903 | D:7      | Found Nuicepul's Gadget Shop.
  6907 | D:7      | Found a transporter.
  7117 | D:7      | Reached skill level 1 in Short Blades
  7404 | D:8      | Found a runed translucent door.
  7407 | D:8      | Found a shimmering altar of Xom.
  7407 | D:8      | Noticed MisterOstroum's ghost (novice DsFE)
  7407 | D:8      | Noticed a +1 whip of chaos
  7493 | D:8      | Noticed a four-headed hydra
  7506 | D:8      | Killed a four-headed hydra
  7796 | D:8      | Reached skill level 5 in Shields
  8088 | D:8      | Found a shimmering altar of Xom.
  8153 | D:8      | Found a radiant altar of Vehumet.
  8163 | D:8      | Became a worshipper of Vehumet
  8586 | D:8      | Found a bloodstained altar of Trog.
  8589 | D:8      | Found an ornate altar of the Wu Jian Council.
  8592 | D:8      | Found an iron altar of Okawaru.
  8973 | D:9      | Noticed a two-headed ogre
  8982 | D:9      | Killed a two-headed ogre
  8982 | D:9      | Reached XP level 11. HP: 63/63 MP: 28/28
  9041 | D:9      | Reached skill level 5 in Ice Magic
  9098 | D:9      | Found an ancient bone altar of Kikubaaqudgha.
  9452 | D:9      | Noticed a two-headed ogre
  9465 | D:9      | Killed a two-headed ogre
  9465 | D:9      | Reached * piety under Vehumet
  9465 | D:9      | Offered knowledge of Sandblast by Vehumet.
  9468 | D:9      | Learned a level 1 spell: Sandblast
  9636 | D:9      | Found a white marble altar of Elyvilon.
  9761 | D:9      | Found Qeetaf's Antique Armour Shop.
  9885 | D:10     | Entered Level 10 of the Dungeon
 10030 | D:10     | Reached skill level 1 in Earth Magic
 10107 | D:10     | Noticed Snorg
 10107 | D:10     | Noticed a two-headed ogre
 10123 | D:10     | Killed a two-headed ogre
 10129 | D:10     | Killed Snorg
 10741 | D:10     | Found a white marble altar of Elyvilon.
 11143 | Lair:1   | Entered Level 1 of the Lair of Beasts
 11284 | Lair:1   | Reached XP level 12. HP: 70/70 MP: 30/30
 11599 | Lair:1   | Reached ** piety under Vehumet
 11599 | Lair:1   | Offered knowledge of Shock by Vehumet.
 11602 | Lair:1   | Learned a level 1 spell: Shock
 12398 | Lair:2   | Found a staircase to the Shoals.
 13532 | D:7      | Killed Artagas's ghost
 13969 | D:8      | Killed a +1 whip of chaos
 13973 | D:8      | Killed MisterOstroum's ghost
 14327 | Lair:3   | Reached skill level 1 in Air Magic
 15037 | Lair:3   | Found a snail-covered altar of Cheibriados.
 15051 | Lair:3   | Reached XP level 13. HP: 69/74 MP: 33/33
 15271 | Lair:4   | Offered knowledge of Mephitic Cloud by Vehumet.
 15276 | Lair:4   | Learned a level 3 spell: Mephitic Cloud
 15339 | Lair:4   | Found a staircase to the Snake Pit.
 16120 | Lair:5   | Reached skill level 1 in Poison Magic
 16286 | Lair:5   | Reached *** piety under Vehumet
 16364 | Lair:5   | Found a runed translucent gate.
 16365 | Lair:5   | Found a runed translucent gate.
 16366 | Lair:5   | Found a runed translucent gate.
 16366 | Lair:5   | Noticed ioannis32's ghost (journeyman HuFi)
 16376 | Lair:5   | Noticed Qoypruj's ghost (journeyman MiGl)
 16376 | Lair:5   | Noticed ioannis32's ghost (journeyman HuFi)
 16376 | Lair:5   | Noticed Rien's ghost (journeyman HuFi)
 16427 | Lair:5   | Reached skill level 10 in Dodging
 16931 | Lair:5   | Reached skill level 10 in Shields
 16959 | Lair:5   | Reached skill level 15 in Spellcasting
 17708 | D:11     | Offered knowledge of Sticky Flame by Vehumet.
 17728 | D:11     | Learned a level 4 spell: Sticky Flame
 17863 | D:11     | Reached skill level 1 in Fire Magic
 18495 | D:11     | Reached **** piety under Vehumet
 18962 | D:11     | Offered knowledge of Venom Bolt by Vehumet.
 18969 | D:11     | Learned a level 5 spell: Venom Bolt
 19013 | D:11     | Found a staircase to the Orcish Mines.
 19833 | Lair:6   | Entered Level 6 of the Lair of Beasts
 19838 | Lair:6   | Reached XP level 14. HP: 81/81 MP: 35/35
 20029 | Lair:6   | Found a viscous altar of Jiyva.
 20029 | Lair:6   | Found a staircase to the Slime Pits.
 20029 | Lair:6   | Found a viscous altar of Jiyva.
 20167 | Lair:6   | Found a runed translucent gate.
 20167 | Lair:6   | Found a runed translucent gate.
 20167 | Lair:6   | Found a runed translucent gate.
 20387 | Lair:6   | Reached ***** piety under Vehumet
 20547 | Lair:6   | Offered knowledge of Bolt of Magma by Vehumet.
 20550 | Lair:6   | Reached skill level 5 in Earth Magic
 20602 | Lair:6   | Learned a level 5 spell: Bolt of Magma
 20859 | Lair:6   | Noticed Lazarus1551's ghost (journeyman DrWn)
 21221 | Lair:6   | Noticed a dire elephant
 21233 | Lair:6   | Killed a dire elephant
 21233 | Lair:6   | Reached skill level 15 in Conjurations
 21332 | Lair:6   | Noticed a dire elephant
 21332 | Lair:6   | Noticed a dire elephant
 21342 | Lair:6   | Killed a dire elephant
 21354 | Lair:6   | Killed a dire elephant
 21483 | Lair:6   | Noticed a dire elephant
 21497 | Lair:6   | Killed a dire elephant
 21529 | Lair:6   | Noticed a dire elephant
 21546 | Lair:6   | Killed a dire elephant
 21697 | Lair:6   | Noticed a dire elephant
 21704 | Lair:6   | Killed a dire elephant
 22132 | Orc      | Entered the Orcish Mines
 22132 | Orc      | Noticed Nessos
 22137 | Orc      | Killed Nessos
 22137 | Orc      | Reached skill level 5 in Fire Magic
 22175 | Orc      | Noticed Jorgrun
 22192 | Orc      | HP: 4/81 [Jorgrun/+0 quarterstaff of crushing (2)]
 22193 | Orc      | Mangled by an earth elemental

Skill      XL: |  1  2  3  4  5  6  7  8  9 10 11 12 13 14 |
---------------+-------------------------------------------+-----
Conjurations   | 5 6 7 8 10 11 12 13 14 15 | 15.2
Dodging        | 3 4 5 6 8 9 10 11 | 11.1
Spellcasting   | 3 4 5 7 8 10 11 12 14 15 | 15.8
Shields        | 1 3 4 5 7 9 10 11 | 11.0
Stealth        | 2 |  2.0
Ice Magic      | 2 4 5 6 7 |  7.0
Fighting       | 1 2 |  2.0
Short Blades   | 3 4 |  4.0
Earth Magic    | 3 4 5 |  5.8
Air Magic      | 3 4 |  4.2
Poison Magic   | 4 |  4.9
Fire Magic     | 2 5 |  5.1

Action                   |  1- 3 |  4- 6 |  7- 9 | 10-12 | 13-15 || total
-------------------------+-------+-------+-------+-------+-------++-------
Melee: Dagger            |     1 |       |     5 |    12 |    14 ||    32
Throw: Stone             |       |       |       |       |     1 ||     1
 Cast: Magic Dart        |    68 |   120 |   180 |   183 |   215 ||   766
       Searing Ray       |     2 |    10 |    29 |    69 |    73 ||   183
       Iskenderun's Myst |       |     5 |    15 |    13 |    38 ||    71
       Throw Icicle      |       |       |    16 |    42 |    33 ||    91
       Throw Frost       |       |       |     6 |     9 |       ||    15
       Sandblast         |       |       |       |    22 |     5 ||    27
       Shock             |       |       |       |    14 |    10 ||    24
       Mephitic Cloud    |       |       |       |       |    27 ||    27
       Venom Bolt        |       |       |       |       |     6 ||     6
       Bolt of Magma     |       |       |       |       |    46 ||    46
  Use: Scroll            |     2 |     6 |     9 |    15 |     8 ||    40
  Eat: Chunk             |       |     6 |    11 |    11 |    11 ||    39
       Ration            |       |       |       |     4 |     4 ||     8
Armor: Skin              |     1 |    16 |    15 |    38 |    31 ||   101
Dodge: Dodged            |     5 |    34 |    50 |   196 |   276 ||   561
Block: Other             |     2 |     1 |       |       |       ||     3
       Buckler           |       |    22 |    50 |   231 |   267 ||   570
